AoeStats
← nauj1117

Arabia

505948934Analyzed
1v1 RM · 21d ago on Sep 11, 2026· 64m 20s· 2 players
Game mode
Random Map
Map size
Tiny (2 player)
Population
200
Speed
Normal
Resources
Standard
Victory
Conquest
Starting age
Dark Age
Ending age
Imperial Age
RankedLock teamsTeams togetherTeam positionsShared explorationLock speedFull tech treeHidden civsTurbo modeCheats
Victory
Defeat
🇬🇧 Bohemians · United Kingdom
780
+24
🇲🇽 Poles · Mexico
771
-16
nauj1117
10:01 Feudal Age
10:25 Loom
13:04 Horse Collar
14:08 Double-Bit Axe
20:41 Castle Age
18:57 Stone Mining
19:01 Gold Mining
23:48 Padded Archer Armor
23:40 Fletching
23:38 Town Watch
33:31 Bloodlines
47:21 Husbandry
48:05 Scale Barding Armor
48:11 Forging
57:04 Heavy Plow
60:18 Stone Shaft Mining
59:59 Bow Saw
59:35 Pikeman
60:15 Squires
robjoepeters
12:00 Feudal Age
16:05 Castle Age
19:49 Double-Bit Axe
19:47 Horse Collar
22:21 Bow Saw
27:03 Pikeman
28:48 Heavy Plow
31:46 Arson
32:44 Ballistics
38:23 Wheelbarrow
43:48 Imperial Age
46:14 Conscription
47:09 Light Cavalry
49:43 Elite Hussite Wagon
56:03 Husbandry
55:27 Cavalier
56:52 Scale Barding Armor
57:00 Scale Mail Armor
57:16 Forging
59:17 Iron Casting
60:00 Hand Cart
59:55 Capped Ram
62:51 Chain Barding Armor
62:47 Halberdier
65:39 Blast Furnace
Connection lost

Rejoining the realm…

Still unreachable

The connection could not be restored.

Session expired

The server has moved on; the page needs a fresh start.